 Dungeon Crawl Stone Soup version 0.23.2-40-g277498a (webtiles) character file.

Game seed: 16167796267635983585

23575 Fang the Fighter (level 13, -3/70 HPs)
             Began as a Gargoyle Berserker on Oct 24, 2019.
             Was a High Priest of Trog.
             Slain by a large abomination (13 damage)
             ... on level 1 of the Abyss.
             The game lasted 00:18:57 (10458 turns).

Fang the Fighter (Gargoyle Berserker)              Turns: 10458, Time: 00:18:58

Health: -3/70      AC: 32    Str: 25 (26) XL:     13   Next: 7%
Magic:  13/13      EV: 16    Int: 10      God:    Trog [*****.]
Gold:   996        SH:  0    Dex: 10      Spells: 12/12 levels left

rFire    . . .     SeeInvis .   J - +4 battleaxe (flame)
rCold    . . .     Gourm    .   (shield currently unavailable)
rNeg     + . .     Faith    .   b - +3 plate armour
rPois    ∞         Spirit   .   (no helmet)
rElec    +         Reflect  .   H - +2 cloak
rCorr    .         Harm     .   G - +0 pair of gloves of the Doldrums {Int+4}
MR       ++...     Rnd*Rage +   (no boots)
Stlth    ..........             (no amulet)
HPRegen  1.21/turn              p - +5 ring of evasion
MPRegen  0.13/turn              o - ring of Disaster {EV+1 Dex+3}

@: about to teleport, berserk cooldown, regenerating
A: [berserk 2], [clumsy 1], [deterioration 2], [dopey 1], [frail 2], negative
energy resistance 1, electricity resistance, unbreathing, petrification
resistance, rot immunity, AC +9
a: Berserk, Trog's Hand, Brothers in Arms, Renounce Religion


You were on level 1 of the Abyss.
You worshipped Trog.
Trog was extremely pleased with you.
You were not hungry.

You visited 4 branches of the dungeon, and saw 14 of its levels.
You visited the Abyss 1 time.

You collected 996 gold pieces.

Inventory:

Hand Weapons
 a - a +0 hand axe
 F - a +2 war axe of draining
 J - a +4 battleaxe of flaming (weapon)
Armour
 b - a +3 plate armour (worn)
 G - the +0 pair of gloves of the Doldrums (worn) {Int+4}
   (You found it on level 7 of the Dungeon)

   It affects your intelligence (+4).
 H - a +2 cloak (worn)
 N - a +2 cloak
Jewellery
 l - a +3 ring of protection
 o - the ring of Disaster (right hand) {EV+1 Dex+3}
   (You found it on level 9 of the Dungeon)

   [ring of evasion]

   It affects your evasion (+1).
   It affects your dexterity (+3).
 p - a +5 ring of evasion (left hand)
 u - an uncursed ring of protection from magic
 L - an uncursed ring of poison resistance {unknown}
Wands
 i - a wand of clouds (4)
 m - a wand of digging (7)
 s - a wand of flame (14)
 t - a wand of disintegration (17)
 w - a wand of polymorph (6)
 y - a wand of enslavement (8)
 z - a wand of random effects (15)
 B - a wand of paralysis (29)
 D - a wand of iceblast (16)
 K - a wand of scattershot (11)
Scrolls
 f - 2 scrolls of fog
 j - 3 scrolls of teleportation
 k - 2 scrolls of identify
 v - 2 scrolls of immolation
 E - a scroll of fear
Potions
 d - a potion of curing
 e - 5 potions of agility
 g - a potion of resistance
 n - 2 potions of might
 q - a potion of haste
 r - 2 potions of flight
 x - 3 potions of mutation
 A - 3 potions of berserk rage
 C - a potion of ambrosia
Comestibles
 c - 29 rations
 I - 3 chunks of flesh


   Skills:
 * Level 13.0 Fighting
 * Level 11.2 Axes
 + Level 10.7 Armour
 + Level 8.5 Dodging


You had 12 spell levels left.
You didn't know any spells.
Your spell library was empty.

Dungeon Overview and Level Annotations

Branches:
Dungeon (11/15)            Temple (1/1) D:6            Lair (1/6) D:10
    Orc (1/2) D:10

Altars:
Ashenzari
Cheibriados
Dithmenos
Elyvilon
Gozag
Hepliaklqana
Kikubaaqudgha
Makhleb
Nemelex Xobeh
Qazlal
Sif Muna
Trog
Vehumet
Yredelemnul
Zin

Shops:
D:5 =   D:10 *(

Annotations:
Lair:1 Sonja


Innate Abilities, Weirdness & Mutations

You are resistant to torment.
Your stone body is resilient. (AC +9)
You are immune to poison.
You resist negative energy. (rN+)
You are resistant to electric shocks. (rElec)
You can survive without breathing.
You are immune to petrification.
You are immune to rotting.
[You often lose your temper in combat.]
[You are clumsy. (Dex -2)]
[Your body often deteriorates upon taking damage.]
[You are dopey. (Int -2)]
[You are very frail. (-20% HP)]


Message History

You closely miss the white draconian. You slash the large abomination!
You burn the large abomination.
You hit the starspawn tentacle but do no damage.
The white draconian misses you.
The starspawn tentacle closely misses you.
The tentacled starspawn misses you.
The tentacled starspawn engulfs you but does no damage.
The large abomination misses you.
An Executioner comes into view.
You closely miss the white draconian.
The white draconian is lightly wounded.
You barely miss the tentacled starspawn.
You hit the starspawn tentacle. You burn the starspawn tentacle.
You hit the large abomination but do no damage.
The white draconian hits you but does no damage.
The starspawn tentacle completely misses you.
The tentacled starspawn barely misses you.
The tentacled starspawn closely misses you.
The large abomination hits you!
You die...

.. # .## . #
#.. ### # #
.#.#..# . .#4
.....# ###...
# ...#..X## ?
. .#Λ(#X..#
#.#
..#.##wX..#...
. #X@d#..# .
#<#...##.. #
## #.─w.#..# .
.#......# ..
#..#.#...#.##
#........# ##.
.###).# #
#.#..#..# .
#..##. ..# #


You could see 2 starcursed masses, a white draconian, a tentacled starspawn, a
large abomination and 2 starspawn tentacles.

Vanquished Creatures
  A hydra (D:11)
  A two-headed ogre (shapeshifter) (D:9)
  2 two-headed ogres
  A thrashing horror (Abyss:1)
  A wretched star (Abyss:1)
  2 unseen horrors
  2 manticores
  A cyclops (D:11)
  A large abomination (Abyss:1)
  A worldbinder (Abyss:1)
  2 centaur zombies
  An apocalypse crab (Abyss:1)
  Joseph (D:7)
  A kobold demonologist (D:11)
  A spiny frog (Lair:1)
  2 komodo dragons
  A centaur skeleton (D:11)
  An ice devil (Abyss:1)
  3 ancient zymes (Abyss:1)
  A troll (D:11)
  Prince Ribbit (D:7)
  4 raiju (Abyss:1)
  Grinder (D:5)
  3 blink frogs (Lair:1)
  A hippogriff (D:5)
  2 dream sheep (D:11)
  Sigmund (D:5)
  2 ynoxinuls (Abyss:1)
  6 yaks (D:11)
  2 hungry ghosts (D:11)
  Edmund (D:5)
  5 porcupines (Lair:1)
  5 water moccasins
  6 small abominations (Abyss:1)
  Duvessa (D:5)
  7 orc warriors
  2 sky beasts
  2 black bears (D:11)
  4 ice beasts
  6 wolves (Lair:1)
  A necrophage (D:11)
  3 phantoms
  5 ogres
  7 centaurs
  3 big kobolds (D:11)
  3 crocodiles
  11 bullfrogs
  A gnoll sergeant (D:11)
  2 scorpions
  Dowan (D:5)
  3 killer bees (D:11)
  A howler monkey (D:10)
  6 crimson imps
  3 bullfrog zombies
  9 starcursed masses (Abyss:1)
  A quasit (Abyss:1)
  9 orc priests
  3 bullfrog skeletons
  2 hounds
  3 jellies
  4 iguanas
  9 orc wizards
  8 worker ants
  A hound zombie (D:11)
  A hound skeleton (D:6)
  2 worker ant zombies
  12 adders
  5 gnolls (D:11)
  7 shadow imps
  An ooze (D:4)
  An adder zombie (D:7)
  An adder skeleton (D:10)
  3 worms
  2 dart slugs (D:1)
  9 leopard geckos
  42 orcs
  5 bats
  9 giant cockroaches
  10 hobgoblins
  14 jackals
  4 quokkas
  A ball python (D:5)
  11 frilled lizards
  A giant cockroach zombie (D:5)
  7 goblins
  A jackal skeleton (D:5)
  8 kobolds
  A leopard gecko skeleton (D:4)
  9 rats
  2 fungi (Lair:1)
  3 plants
  A starspawn tentacle (Abyss:1)
361 creatures vanquished.

Vanquished Creatures (others)
  A sky beast (D:11)
  A fungus (Lair:1)
  2 plants
  3 starspawn tentacles (Abyss:1)
7 creatures vanquished.

Grand Total: 368 creatures vanquished

Notes
Turn   | Place    | Note
-------+----------+-------------------------------------------
     0 | D:1      | Fang the Gargoyle Berserker began the quest for the Orb.
     0 | D:1      | Reached XP level 1. HP: 14/14 MP: 1/1
   266 | D:1      | Reached XP level 2. HP: 18/19 MP: 2/2
   474 | D:1      | Reached ** piety under Trog
   474 | D:1      | Reached XP level 3. HP: 15/23 MP: 3/3
   883 | D:2      | Found a bloodstained altar of Trog.
  1112 | D:2      | Reached XP level 4. HP: 18/29 MP: 4/4
  1394 | D:2      | Found a stormy altar of Qazlal.
  1715 | D:3      | Reached skill level 4 in Fighting
  1855 | D:3      | Reached *** piety under Trog
  1871 | D:3      | Reached XP level 5. HP: 29/33 MP: 5/5
  2144 | D:3      | Found a shadowy altar of Dithmenos.
  2215 | D:3      | Found a radiant altar of Vehumet.
  2455 | D:3      | Found a glowing silver altar of Zin.
  2934 | D:4      | Reached XP level 6. HP: 27/39 MP: 6/6
  3621 | D:5      | Entered Level 5 of the Dungeon
  3621 | D:5      | Noticed Grinder
  3724 | D:5      | Killed Grinder
  3724 | D:5      | Reached skill level 5 in Fighting
  3724 | D:5      | Reached XP level 7. HP: 35/44 MP: 7/7
  3912 | D:5      | Reached skill level 5 in Armour
  4011 | D:5      | Noticed Sigmund
  4027 | D:5      | Killed Sigmund
  4027 | D:5      | Reached skill level 6 in Fighting
  4027 | D:5      | Reached XP level 8. HP: 48/51 MP: 8/8
  4054 | D:5      | Reached skill level 5 in Axes
  4271 | D:5      | Noticed Dowan
  4273 | D:5      | Noticed Duvessa
  4302 | D:5      | Killed Dowan
  4302 | D:5      | Reached **** piety under Trog
  4306 | D:5      | Killed Duvessa
  4417 | D:5      | Found Xeummaok's Jewellery Boutique.
  4516 | D:5      | Noticed a hippogriff
  4535 | D:5      | Killed a hippogriff
  4615 | D:5      | Noticed Edmund
  4641 | D:5      | Killed Edmund
  4852 | D:5      | Reached skill level 7 in Fighting
  4852 | D:5      | Reached XP level 9. HP: 54/57 MP: 9/9
  4932 | D:5      | Reached skill level 5 in Dodging
  5577 | D:6      | Found a staircase to the Ecumenical Temple.
  5600 | Temple   | Entered the Ecumenical Temple
  5874 | D:7      | Found a white marble altar of Elyvilon.
  5885 | D:7      | Got a pair of brightly glowing gloves
  5891 | D:7      | Identified the +0 pair of gloves of the Doldrums {Int+4}
                  | (You found it on level 7 of the Dungeon)
  6468 | D:7      | Found a hazy altar of Hepliaklqana.
  6471 | D:7      | Noticed Prince Ribbit
  6472 | D:7      | Noticed Joseph
  6479 | D:7      | Reached skill level 8 in Fighting
  6489 | D:7      | Killed Joseph
  6491 | D:7      | Killed Prince Ribbit
  6491 | D:7      | Reached XP level 10. HP: 64/64 MP: 10/10
  6608 | D:7      | Found an ancient bone altar of Kikubaaqudgha.
  6608 | D:7      | Found a deep blue altar of Sif Muna.
  6609 | D:7      | Found a snail-covered altar of Cheibriados.
  6609 | D:7      | Found a bloodstained altar of Trog.
  6706 | D:8      | Reached ***** piety under Trog
  6977 | D:8      | Found a basalt altar of Yredelemnul.
  6977 | D:8      | Found a sparkling altar of Nemelex Xobeh.
  7438 | D:9      | Reached skill level 9 in Fighting
  7481 | D:9      | Got an ancient brass ring
  7484 | D:9      | Identified the ring of Disaster {EV+1 Dex+3} (You found it
                  | on level 9 of the Dungeon)
  7605 | D:9      | Killed an unseen horror
  7679 | D:9      | Noticed a two-headed ogre
  7685 | D:9      | Killed a two-headed ogre
  7782 | D:9      | Found an opulent altar of Gozag.
  7830 | D:9      | Received a gift from Trog
  7846 | D:9      | Noticed a two-headed ogre
  7857 | D:9      | Killed a two-headed ogre
  7857 | D:9      | Reached skill level 10 in Fighting
  7857 | D:9      | Reached XP level 11. HP: 48/72 MP: 11/11
  8051 | D:10     | Entered Level 10 of the Dungeon
  8056 | D:10     | Found Jiclell's General Store.
  8135 | D:10     | Killed an unseen horror
  8182 | D:10     | Found a staircase to the Lair.
  8195 | D:10     | Noticed a manticore
  8210 | D:10     | Killed a manticore
  8298 | D:10     | Found Raxeih's Weapon Emporium.
  8300 | D:10     | Found a staircase to the Orcish Mines.
  8923 | Orc:1    | Entered Level 1 of the Orcish Mines
  8923 | Orc:1    | Noticed an orc warlord
  8923 | Orc:1    | Noticed an orc sorcerer
  8988 | D:11     | Noticed a two-headed ogre
  9005 | D:11     | Killed a two-headed ogre
  9063 | D:11     | Reached skill level 11 in Fighting
  9136 | D:11     | Noticed a manticore
  9138 | D:11     | Noticed a sixfirhy
  9158 | D:11     | Killed a manticore
  9166 | D:11     | Noticed a cyclops
  9182 | D:11     | Killed a cyclops
  9201 | D:11     | Received a gift from Trog
  9212 | D:11     | Paralysed by fainting for 7 turns
  9406 | D:11     | Reached XP level 12. HP: 77/80 MP: 12/12
  9511 | D:11     | Reached skill level 10 in Axes
  9548 | D:11     | Noticed a three-headed hydra
  9551 | D:11     | Killed a one-headed hydra
  9551 | D:11     | Reached skill level 10 in Armour
  9742 | Lair:1   | Entered Level 1 of the Lair of Beasts
  9782 | Lair:1   | Reached skill level 12 in Fighting
 10040 | Lair:1   | Noticed Sonja
 10055 | Lair:1   | Cast into level 1 of the Abyss (Sonja)
 10149 | Abyss:1  | Noticed a starcursed mass
 10164 | Abyss:1  | Killed a starcursed mass
 10164 | Abyss:1  | Killed a starcursed mass
 10293 | Abyss:1  | Noticed a thrashing horror
 10322 | Abyss:1  | Killed a thrashing horror
 10400 | Abyss:1  | Noticed a wretched star
 10411 | Abyss:1  | Killed a wretched star
 10411 | Abyss:1  | Reached XP level 13. HP: 69/69 MP: 13/13
 10441 | Abyss:1  | Reached skill level 13 in Fighting
 10443 | Abyss:1  | Noticed a starcursed mass
 10445 | Abyss:1  | Noticed a tentacled starspawn
 10447 | Abyss:1  | Received a gift from Trog
 10450 | Abyss:1  | Noticed a white draconian
 10455 | Abyss:1  | Noticed a starcursed mass
 10457 | Abyss:1  | Noticed an Executioner
 10458 | Abyss:1  | Slain by a large abomination

Skill      XL: |  1  2  3  4  5  6  7  8  9 10 11 12 13 |
---------------+----------------------------------------+-----
Axes           | 3 4 5 6 8 9 11 | 11.2
Dodging        | 2 3 4 6 7 8 |  8.5
Armour         | 3 4 5 6 7 8 9 10 | 10.7
Fighting       | 4 5 6 7 8 10 11 12 13 | 13.0

Action                   |  1- 3 |  4- 6 |  7- 9 | 10-12 | 13-15 || total
-------------------------+-------+-------+-------+-------+-------++-------
Melee: Hand axe          |   100 |   252 |   313 |       |       ||   665
       War axe           |       |       |   110 |   404 |       ||   514
       Battleaxe         |       |       |       |   211 |    16 ||   227
       Unarmed           |       |       |       |     1 |       ||     1
Invok: Berserk           |     1 |     2 |     6 |     2 |       ||    11
       Trog's Hand       |       |     1 |     2 |     3 |     1 ||     7
       Brothers in Arms  |       |       |       |     1 |       ||     1
  Use: Scroll            |       |       |       |    29 |     1 ||    30
       Potion            |       |       |       |     3 |     1 ||     4
  Eat: Chunk             |     1 |    11 |     9 |    21 |       ||    42
       Ration            |       |       |     2 |       |       ||     2
Armor: Animal skin       |    41 |    15 |       |       |       ||    56
       Chain mail        |       |   148 |   299 |       |       ||   447
       Plate armour      |       |       |    31 |   488 |    15 ||   534
Dodge: Dodged            |    66 |   143 |   181 |   559 |    33 ||   982
